Map: 锈化山巅-天梯版

Players

iGMacSed (MacSed)

  • Race: Protoss Protoss
  • League: Grandmaster

TIME (Oliveira) - Winner!

  • Race: Terran Terran
  • League: Grandmaster

Event: DreamHack SC2 Masters 2021 Fall

VOD

Have the link to the VOD?

Description

Time

  • Played on: Aug. 8, 2021, 8:26 a.m.
  • Length: 8:27

All games in this series

Show
View Real Time Build Order
Export as new Build Order

iGMacSed Protoss 

Build Orders: 1 Gate Expand, Colossus Rush 

Get SALT Encoding   

  12  0:00  Probe  
  13  0:12  Probe  
  14  0:18  Pylon  
  14  0:24  Probe (Chrono Boost)  
  15  0:37  Probe (Chrono Boost)  
  15  0:38  Gateway  
  16  0:44  Probe (Chrono Boost)  
  16  0:46  Assimilator  
  17  0:51  Probe  
  18  1:03  Probe  
  19  1:15  Probe  
  20  1:23  Nexus  
  20  1:33  Cybernetics Core  
  20  1:36  Probe  
  21  1:41  Assimilator  
  21  1:48  Probe  
  21  1:52  Pylon  
  22  2:00  Probe  
  23  2:10  Stargate  
  23  2:12  Adept (Chrono Boost), Probe  
  26  2:22  Warp Gate  
  26  2:24  Probe  
  27  2:34  Probe  
  27  2:35  Adept  
  27  2:36  Probe  
  31  2:46  Void Ray (Chrono Boost), Probe  
  31  2:48  Probe  
  37  2:59  Probe  
  37  3:03  Probe  
  37  3:05  Adept  
  41  3:11  Pylon  
  41  3:14  Probe  
  41  3:18  Void Ray (Chrono Boost)  
  46  3:36  Probe  
  46  3:41  Probe  
  48  3:45  Pylon  
  48  3:48  Probe (Chrono Boost)  
  49  3:53  Pylon  
  50  3:56  Probe (Chrono Boost)  
  50  4:00  Probe (Chrono Boost)  
  51  4:03  Robotics Facility  
  51  4:05  Gateway  
  51  4:07  Gateway, Probe (Chrono Boost)  
  51  4:08  Probe (Chrono Boost)  
  53  4:13  Shield Battery  
  53  4:14  Sentry, Probe  
  56  4:17  Probe  
  56  4:22  Assimilator  
  57  4:24  Assimilator  
  57  4:26  Probe  
  57  4:29  Probe  
  59  4:38  Probe  
  59  4:41  Pylon, Probe  
  57  4:50  Probe  
  58  4:53  Robotics Bay  
  58  4:54  Observer  
  58  4:55  Forge  
  58  4:59  Zealot x2  
  63  5:01  Zealot  
  66  5:07  Pylon  
  66  5:12  Immortal (Chrono Boost)  
  69  5:25  Probe  
  69  5:26  Protoss Ground Weapons Level 1 (Chrono Boost), Nexus  
  70  5:29  Pylon  
  71  5:35  Probe  
  71  5:43  Colossus (Chrono Boost)  
  71  5:47  Extended Thermal Lance  
  71  5:52  Gateway  
  71  5:53  Gateway  
  71  5:56  Gateway  
  71  5:59  Pylon  
  71  6:07  Pylon  
  71  6:08  Pylon  
  71  6:12  Twilight Council  
  71  6:22  Sentry  
  71  6:23  Colossus (Chrono Boost)  
  71  6:24  Zealot x2  
  83  6:28  Pylon  
  85  6:33  Probe x2 (Chrono Boost)  
  85  6:38  Probe (Chrono Boost)  
  89  6:48  Sentry, Probe x2 (Chrono Boost)  
  89  6:49  Probe (Chrono Boost)  
  89  6:53  Probe (Chrono Boost)  
  91  6:55  Probe  
  91  6:59  Probe  
  94  7:01  Stalker  
  94  7:02  Stalker  
  96  7:14  Stalker x4  
  87  7:16  Probe x3  
  80  7:28  Probe x2  
  80  7:29  Probe  
  77  7:37  Sentry  
  77  7:40  Probe x2  
  77  7:41  Probe  
  88  7:53  Zealot x3  
  88  7:56  Pylon, Probe (Chrono Boost)  
  88  7:58  Probe (Chrono Boost)  
  96  8:03  Pylon  
  96  8:04  Dark Shrine  
  96  8:07  Probe (Chrono Boost)  
  96  8:12  Probe (Chrono Boost)  
Show
View Real Time Build Order
Export as new Build Order

TIME Terran - Winner!

Build Orders: Reaper Expand 

Get SALT Encoding   

  12  0:00  SCV  
  13  0:12  SCV  
  14  0:17  Supply Depot  
  14  0:24  SCV  
  15  0:38  SCV  
  15  0:41  Barracks  
  16  0:45  Refinery  
  16  0:50  SCV  
  17  1:03  SCV  
  18  1:15  SCV  
  19  1:28  Reaper, Orbital Command  
  20  1:39  Command Center  
  20  1:50  Barracks  
  20  1:54  SCV  
  20  2:01  Barracks Reactor  
  21  2:06  Supply Depot  
  21  2:09  SCV  
  22  2:19  Barracks  
  22  2:21  SCV  
  23  2:33  SCV  
  24  2:37  Marine x2  
  24  2:39  Barracks Tech Lab  
  26  2:45  SCV  
  27  2:52  Orbital Command  
  27  2:55  Marine x2  
  27  2:58  SCV, Stimpack  
  30  2:59  Marine  
  31  3:08  Marine  
  31  3:11  Bunker  
  31  3:12  Marine, SCV  
  33  3:19  SCV, Bunker  
  35  3:21  Marine  
  35  3:22  Marine  
  35  3:26  SCV  
  38  3:28  Marine  
  38  3:33  Marine  
  39  3:36  Engineering Bay  
  39  3:38  SCV  
  39  3:39  Marine  
  39  3:40  Marine  
  42  3:42  SCV  
  42  3:44  Supply Depot  
  42  3:48  Marine  
  44  3:51  Marine, SCV  
  46  4:05  Marine x2, Missile Turret  
  46  4:06  SCV x2, Barracks Tech Lab  
  46  4:07  Supply Depot  
  46  4:09  Marine  
  51  4:15  Terran Infantry Weapons Level 1, Factory  
  51  4:19  Missile Turret  
  51  4:21  SCV  
  51  4:22  SCV  
  51  4:23  Marine  
  54  4:30  Marine x2  
  54  4:31  Refinery  
  56  4:32  Combat Shield  
  56  4:36  Marine  
  56  4:37  SCV  
  58  4:39  SCV  
  58  4:48  Marine x2  
  58  4:49  Supply Depot, SCV  
  62  4:54  Supply Depot  
  62  4:55  SCV  
  62  4:59  Supply Depot  
  62  5:05  Starport  
  62  5:06  Refinery  
  62  5:10  Refinery, Marine  
  62  5:11  SCV x2  
  65  5:17  Supply Depot  
  65  5:18  Marine x2, Factory Reactor  
  67  5:23  SCV  
  67  5:26  Marauder  
  67  5:28  SCV  
  71  5:35  Marine  
  71  5:36  SCV  
  71  5:39  Supply Depot  
  71  5:40  SCV  
  72  5:46  Marine  
  72  5:47  Marine, Marauder  
  72  5:48  SCV  
  76  5:52  SCV  
  77  6:00  Medivac x2  
  77  6:01  SCV  
  82  6:04  SCV, Factory Reactor  
  82  6:07  Marine x2  
  82  6:09  Supply Depot  
  82  6:10  Marauder  
  82  6:11  Concussive Shells  
  87  6:13  Command Center  
  87  6:14  SCV  
  87  6:16  SCV  
  89  6:20  Marauder  
  91  6:26  SCV  
  91  6:28  SCV  
  91  6:29  Marine x2  
  91  6:32  Supply Depot  
  95  6:34  Medivac x2  
  95  6:36  Marauder  
  95  6:38  SCV  
  102  6:40  SCV  
  102  6:41  Supply Depot  
  103  6:48  Marauder  
  103  6:49  Marine x2  
  103  6:51  Widow Mine  
  103  6:52  SCV  
  112  6:54  Widow Mine  
  112  6:58  SCV  
  113  7:04  Supply Depot  
  106  7:10  Marine  
  102  7:17  Marine  
  102  7:18  Marine, Marauder  
  102  7:21  SCV  
  98  7:27  Medivac x2  
  98  7:28  Marine  
  103  7:31  Widow Mine x2  
  103  7:33  SCV  
  103  7:35  Marine x2, SCV, Barracks  
  103  7:36  Orbital Command  
  103  7:37  Barracks  
  111  7:39  Marine  
  112  7:46  Marine, SCV, Supply Depot  
  112  7:47  SCV  
  115  7:53  Marine  
  115  7:54  Marauder  
  115  7:55  Armory, Engineering Bay  
  115  7:57  Marauder  
  115  7:58  SCV  
  121  8:03  Widow Mine  
  121  8:04  Widow Mine  

Tags
 
Add a new tag
Caveats
  • Supply blocks, unpowered buildings, or Contaminate may cause inaccurate times.
  • Supply counts are checked every 10 seconds.